 Dungeon Crawl Stone Soup version 0.31-a0-271-gb88eb75e06 (webtiles) character file.

Game seed: 12028693659079854137

2154 shakesphere1979 the Ruffian (level 9, 0/132 HPs)
             Began as a Troll Gladiator on July 14, 2023.
             Was a Follower of Qazlal.
             Killed from afar by Dowan (5 damage)
             ... with a puff of flame
             ... while paralysed by a hornet
             ... on level 7 of the Dungeon on July 15, 2023.
             The game lasted 00:39:10 (6900 turns).

shakesphere1979 the Ruffian (Troll Gladiator)       Turns: 6900, Time: 00:39:10

Health: 0/132      AC: 24    Str: 28    XL:     9   Next: 10%
Magic:  8/8        EV:  1    Int:  4    God:    Qazlal [*.....]
Gold:   376        SH:  0    Dex: 17    Spells: 8/8 levels left

rFire   . .          .
                       - Unarmed
rCold   . . .        (no shield)
rNeg    . . .        m - melded +1 robe {rC+}
rPois   +            b - melded +0 hat
rElec   .            a - melded +0 cloak
rCorr   +            (gloves unavailable)
SInv    .            (boots unavailable)
Will    .....        (no amulet)
Stlth   +            g - +6 ring of dexterity
HPRegen 1.22/turn    r - ring of resist corrosion
MPRegen 0.11/turn

%: no passive effects
@: paralysed, lethally poisoned (0 -> -1), tree-form, attractive, hasted and
slowed
A: stationary, stasis, torment immunity, boosted hp, large, unfitting armour,
(claws 3), regeneration 1, (shaggy fur 1), (tough skin 1)
a: Renounce Religion


You were on level 7 of the Dungeon.
You worshipped Qazlal.
Qazlal was aware of your devotion.
You were a tree.
You visited 2 branches of the dungeon, and saw 8 of its levels.

You collected 376 gold pieces.

Inventory:

Hand Weapons
 e - a +1 orcbow of electrocution
Missiles
 c - 3 throwing nets
 d - a large rock
 f - 65 stones
 i - 21 poisoned darts (quivered)
 n - 4 boomerangs of dispersal
Armour
 a - a +0 cloak (melded)
 b - a +0 hat (melded)
 m - a +1 robe of cold resistance (melded)
 s - an orb of guile
Jewellery
 g - a +6 ring of dexterity (left branch)
 q - a ring of positive energy
 r - a ring of resist corrosion (right branch)
Wands
 w - a wand of flame (22)
Scrolls
 h - 2 scrolls of identify
 l - a scroll of enchant weapon
 o - a scroll of amnesia
 p - a scroll of fog
 u - a scroll of revelation {unknown}
Potions
 j - 3 potions of brilliance
 k - 2 potions of haste
 t - a potion of lignification


   Skills:
 - Level 5.0 Fighting
 + Level 4.4 Throwing
 + Level 1.4 Armour
 - Level 6.0 Dodging
 + Level 7.3 Unarmed Combat


You had 8 spell levels left.
You didn't know any spells.
Your spell library contained the following spells:

 Spells                   Type           Power      Damage    Failure   Level
 Freeze                   Ice            0%         1d3       50%         1
 Sandblast                Erth           0%         2d4       50%         1
 Summon Small Mammal      Summ           0%         N/A       50%         1
 Passwall                 Tmut/Erth      0%         N/A       65%         2
 Call Canine Familiar     Summ           0%         N/A       86%         3
 Frozen Ramparts          Ice            0%         1d1       86%         3
 Hailstorm                Conj/Ice       0%         3d3       86%         3
 Ignite Poison            Fire/Tmut/Pois 0%         N/A       86%         3
 Stone Arrow              Conj/Erth      0%         3d7       86%         3
 Summon Guardian Golem    Hex/Summ       0%         N/A       86%         3
 Animate Armour           Summ/Erth      0%         N/A       99%         4
 Sticky Flame             Conj/Fire      0%         2d3       99%         4
 Summon Ice Beast         Ice/Summ       0%         N/A       99%         4
 Summon Lightning Spire   Summ/Air       0%         N/A       99%         4
 Lee's Rapid Deconstruct  Erth           0%         3d4*      100%        5
 Simulacrum               Ice/Necr       0%         N/A       100%        6
 Ignition                 Fire           0%         3d3       100%        8


Dungeon Overview and Level Annotations

Branches:
Dungeon (7/15)             Temple (1/1) D:4

Altars:
Ashenzari
Cheibriados
Dithmenos
Elyvilon
Fedhas
Gozag
Hepliaklqana
Kikubaaqudgha
Makhleb
Nemelex Xobeh
Okawaru
Qazlal
Ru
Sif Muna
Trog
Uskayaw
Vehumet
Wu Jian
Xom
Yredelemnul
Zin
The Shining One

Annotations:
D:7 Dowan, Duvessa


Innate Abilities, Weirdness & Mutations

You are a tree.
Your roots penetrate the ground, keeping you stationary.
You cannot be teleported.
You are immune to unholy pain and torment.
Your maximum health is greatly increased.
Your equipment is partially melded.
You are too large for most types of armour.
((You have claws for hands.))
Your natural rate of healing is unusually fast.
((You are covered in fur. (AC +1)))
((You have tough skin. (AC +1)))


Message History

The hornet barely misses you.
The hornet stings you but does no damage.
You feel sick.
You feel sick. The hornet stings you.
You feel as though you will be slow longer.
The hornet attacks as you move away! The hornet misses you.
Duvessa attacks as you move away! Duvessa barely misses you.
You feel sick.
You are no longer poisoned.
The hornet closely misses you. The hornet attacks as you move away!
The hornet stings you.
You feel as though you will be slow longer.
Dowan gestures at you while chanting. The puff of flame hits you!
* * * LOW HITPOINT WARNING * * *
The hornet stings you!
* * * LOW HITPOINT WARNING * * *
You are poisoned.
You feel as though you will be slow longer.
It was a potion of lignification.
You turn into a tree.
Your +0 cloak melds into your body.
Your +0 hat melds into your body.
Your +1 robe of cold resistance melds into your body.
You feel less resistant to cold.
Your roots penetrate the ground.
You feel sick. The hornet stings you.
* * * LOW HITPOINT WARNING * * *
Duvessa hits you but does no damage.
It was a potion of attraction.
You feel attractive to monsters.
You feel sick.
The hornet stings you but does no damage.
Duvessa hits you with a +0 short sword.
* * * LOW HITPOINT WARNING * * *
The hornet stings you.
* * * LOW HITPOINT WARNING * * *
You suddenly lose the ability to move!
Dowan is attracted toward you.
You feel sick.
The hornet stings you but does no damage.
Duvessa hits you but does no damage.
Dowan points at you and mumbles some strange words.
The puff of flame hits you.
You die...

....##........##...##
........#.......###...#
..............)..#...... .....
#................. .....
#......)).....#..#
##........#.........#...#..#
.........#....§....#....... ##
.........ey.....#.#...... #..
........♣e......#....... ###.##
.........^....###......
#.....###.......#......#.......
#...............##.............
#.............................
#...........#......#).........
#...........#......#..........
####......).............#....
##.......#.......[.........##


You could see Duvessa, a hornet and Dowan.

Vanquished Creatures
  Pikel (D:7)
  Menkaure (D:4)
  2 sky beasts (D:6)
  2 black bears
  2 ogres
  A lemure (D:7)
  A kobold brigand (D:6)
  2 phantoms
  2 bullfrogs (D:7)
  A scorpion (D:4)
  A howler monkey (D:5)
  A hound (D:6)
  2 gnoll boudas
  2 orc priests (D:6)
  Crazy Yiuf (D:6)
  A sleepcap (D:6)
  2 iguanas
  2 orc wizards (D:6)
  7 adders
  16 gnolls
  A white imp (D:6)
  An ufetubus (D:4)
  A worm (D:2)
  2 dart slugs
  9 orcs
  3 ball pythons
  5 endoplasms
  4 giant cockroaches
  4 hobgoblins
  7 jackals
  7 quokkas
  A bat (D:1)
  4 frilled lizards
  6 goblins
  11 kobolds
  2 rats
118 creatures vanquished.

Notes
Turn   | Place    | Note
-------+----------+-------------------------------------------
     0 | D:1      | shakesphere1979 the Troll Gladiator began the quest for the
                  | Orb.
     0 | D:1      | Reached XP level 1. HP: 19/19 MP: 0/0
   319 | D:1      | Reached XP level 2. HP: 28/28 MP: 1/1
   863 | D:2      | Reached XP level 3. HP: 34/35 MP: 2/2
  1744 | D:3      | Reached XP level 4. HP: 28/44 MP: 3/3
  1996 | D:3      | Found a faded altar of an unknown god.
  2077 | D:3      | Reached skill level 4 in Unarmed Combat
  2676 | D:4      | Reached XP level 5. HP: 52/52 MP: 4/4
  3048 | D:4      | Found a staircase to the Ecumenical Temple.
  3250 | D:4      | Reached XP level 6. HP: 58/61 MP: 5/5
  3328 | Temple   | Entered the Ecumenical Temple
  3739 | Temple   | Became a worshipper of Qazlal Stormbringer
  3965 | D:4      | Noticed Menkaure
  4068 | D:4      | Killed Menkaure
  4420 | D:5      | Entered Level 5 of the Dungeon
  4631 | D:5      | Reached skill level 5 in Unarmed Combat
  4631 | D:5      | Reached XP level 7. HP: 64/68 MP: 6/6
  4783 | D:5      | Found a burning altar of Makhleb.
  5660 | D:6      | Found a runed translucent door.
  5661 | D:6      | Noticed Crazy Yiuf
  5980 | D:6      | Reached XP level 8. HP: 53/79 MP: 7/7
  6201 | D:6      | Reached skill level 5 in Dodging
  6201 | D:6      | Reached skill level 6 in Unarmed Combat
  6528 | D:6      | Killed Crazy Yiuf
  6641 | D:7      | Reached skill level 5 in Fighting
  6665 | D:7      | Noticed Pikel
  6680 | D:7      | Killed Pikel
  6681 | D:7      | Reached skill level 7 in Unarmed Combat
  6681 | D:7      | Reached XP level 9. HP: 55/88 MP: 8/8
  6684 | D:7      | Reached skill level 1 in Armour
  6750 | D:7      | Found a bloodstained altar of Trog.
  6821 | D:7      | Reached * piety under Qazlal
  6873 | D:7      | Noticed Duvessa
  6875 | D:7      | Noticed Dowan
  6899 | D:7      | HP: 6/132 [Duvessa/+0 short sword (1)]
  6899 | D:7      | Paralysed by a hornet for 2 turns
  6900 | D:7      | Killed from afar by Dowan

Illustrated notes

Levels and vault maps discovered:
D:1:      elethiomel_arrival_maze, layout_basic
D:2:      layout_basic, serial_curves, eino_curves_04, eino_curves_01,
          minmay_randomly_rotated_circles
D:3:      layout_loops_ring, ebering_ecumenical_altar_hall
D:4:      layout_layer_cave, minmay_temple_entry_enclosed_plants, uniq_menkaure
D:5:      layout_basic, bloody_makhleb
D:6:      layout_loops_ring, glass_columns_b, serial_bayou_pond_a,
          uniq_crazy_yiuf_cottage
D:7:      layout_cave_pools, trog_book, uniq_pikel, uniq_duvessa
Temple:   mainiacjoe_temple_big_plus

Skill      XL: |  1  2  3  4  5  6  7  8  9 |
---------------+----------------------------+-----
Fighting       | 2 3 4 5 |  5.0
Dodging        | 3 4 6 |  6.0
Unarmed Combat | 4 5 7 |  7.3
Throwing       | 2 3 4 |  4.4
Armour         | 1 |  1.4

Action                     |  1- 3 |  4- 6 |  7- 9 || total
---------------------------+-------+-------+-------++-------
  Melee: Unarmed           |   100 |   120 |   134 ||   354
         Punch             |     3 |     2 |     7 ||    12
  Throw: Throwing net      |       |     1 |       ||     1
    Use: Scroll            |       |     7 |     3 ||    10
         Potion            |       |     1 |     4 ||     5
   Stab: Sleeping          |       |     3 |       ||     3
         Held in net/web   |       |     1 |       ||     1
         Distracted        |       |       |     1 ||     1
 Armour: Robe              |    24 |    32 |    29 ||    85
         Skin              |       |       |     4 ||     4
  Dodge: Dodged            |    50 |    77 |    55 ||   182
  Block: Other             |       |       |     1 ||     1

Table legend: (Time is in decaauts)
 A = Elapsed time spent in this place.
 B = Non-inter-level travel time spent in this place.
 C = Inter-level travel time spent in this place.
 D = Time resting spent in this place.
 E = Time spent auto-exploring this place.
 F = Levels seen in this place.
 G = Mean time per level.
                   A        B        C        D        E       F      G
               +--------+--------+--------+--------+--------+-----+--------+
         Total |   6839 |   6547 |    292 |      0 |   5045 |   8 |  854.9 |
       Dungeon |   6404 |   6141 |    263 |      0 |   4660 |   7 |  914.9 |
        Temple |    434 |    405 |     29 |      0 |    385 |   1 |  434.0 |
               +--------+--------+--------+--------+--------+-----+--------+

Top non-repeatable levels by time:
     D:4: 1336 daAuts
     D:6: 1222 daAuts
     D:5: 929 daAuts
     D:3: 926 daAuts
     D:2: 877 daAuts
     D:1: 816 daAuts
  Temple: 434 daAuts
     D:7: 295 daAuts
